 Dungeon Crawl Stone Soup version 0.20-a0-556-g892c87b (webtiles) character file.

878 George the Skirmisher (level 8, -3/65 HPs)
             Began as a Barachian Fighter on Feb 7, 2017.
             Slain by a wight
             ... wielding a +0 short sword
              (8 damage)
             ... on level 2 of the Dungeon.
             The game lasted 00:13:01 (6390 turns).

George the Skirmisher (Barachian Fighter)           Turns: 6390, Time: 00:13:03

Health: -3/65      AC:  8    Str: 17    XL:     8   Next: 4%
Magic:  8/8        EV:  6    Int:  6    God:
Gold:   244        SH:  8    Dex: 10    Spells: 7/7 levels left

rFire    . . .     SeeInvis .   A - +2 scimitar (freeze)
rCold    . . .     Gourm    .   b - +0 scale mail
rNeg     + . .     Faith    .   c - +0 shield
rPois    .         Spirit   .   j - +0 helmet
rElec    .         Reflect  .   (no cloak)
rCorr    +         Harm     .   (no gloves)
MR       .....                  (no boots)
Stlth    ..........             (no amulet)
Regen    0.2/turn               g - ring of resist corrosion
                                p - ring of positive energy

@: can't hop, heavily drained, slow
A: swims, slowness 1, strong legs 1
a: Hop


You were on level 2 of the Dungeon.
You were near starving.

You visited 1 branch of the dungeon, and saw 5 of its levels.
You also visited: Ossuary.

You collected 244 gold pieces.

Inventory:

Hand Weapons
 A - a +2 scimitar of freezing (weapon)
Armour
 b - a +0 scale mail (worn)
 c - a +0 shield (worn)
 j - a +0 helmet (worn)
 l - a +0 plate armour
Jewellery
 g - a ring of resist corrosion (right hand)
 p - a ring of positive energy (left hand)
 v - an uncursed ring of magical power
Wands
 o - a wand of paralysis (5/24)
Scrolls
 e - 2 scrolls of remove curse
 f - 2 scrolls of immolation
 i - 3 scrolls of identify
 k - a scroll of enchant weapon {unknown}
 r - a scroll of fear
 w - 2 scrolls of magic mapping {unknown}
 y - 2 scrolls of amnesia {unknown}
Potions
 d - 4 potions of might
 h - 2 potions of mutation
 m - a potion of cancellation
 n - 3 potions of heal wounds
 s - 2 potions of cure mutation
 t - 2 potions of haste
 u - 3 potions of curing
 x - 2 potions of berserk rage
 z - a potion of magic
Comestibles
 q - 3 meat rations
 B - a bread ration


   Skills:
 + Level 6.6(5.1) Fighting
 + Level 5.7(4.3) Long Blades
 + Level 6.5(5.0) Armour
 - Level 3.0(1.6) Shields


You had 7 spell levels left.
You didn't know any spells.

Dungeon Overview and Level Annotations

Branches:
Dungeon (5/15)             Temple (0/1) D:5

Altars:
Sif Muna


Innate Abilities, Weirdness & Mutations

You can swim through water.
You cover ground slowly.
You can hop short distances.


Message History

* * * LOW HITPOINT WARNING * * *
You block the wight's attack.
Hop to where?
Press: ? - help, Dir - move target cursor Boing!
There is a stone staircase leading up here.
You block the wight's attack.
You climb upwards.
There is a stone staircase leading down here.
You are near starving!
The wight barely misses you.
You riposte.
You hit the wight.
The wight is almost destroyed.
There is an escape hatch in the ceiling here.
The wight hits you with a short sword.
* * * LOW HITPOINT WARNING * * *
A mysterious force pulls you upwards. The hatch slams shut behind you.
You hit the wight but do no damage.
The wight is almost destroyed.
The wight hits you with a short sword!
You die...

##+###.# #..........##.#
#.# #.#
#.########.##.######
##.###.# #.# #..........
.._###.#######.#
#.##.......
##.###.........#
#.######### #.#
#.#..####.# #.#
##'###.#..# #.# #.#
.......#..# #.########.#
###.####..# #.z@.......#
# #.#
#..####.############ #.#
#...............†..#
#.####.###.....########.#
#......# #.....# #.#
###.#### #.....# #.# ####
#.# #.....# #.####.#. #.#
###.### #....##†#
#.########...# ######.#.


You could see a wight.

Vanquished Creatures
  A wraith (Ossuary)
  The ghost of DEFE the Ducker, an amateur DEAK of Lugonu (D:3)
  A big kobold (D:4)
  2 wights
  A crimson imp (D:5)
  A centaur skeleton (D:3)
  An orc priest (D:2)
  A human zombie (Ossuary)
  An orc wizard (D:5)
  Jessica (D:3)
  Ijyb (D:2)
  Natasha (D:3)
  3 mummies (Ossuary)
  4 gnolls (D:2)
  9 adders
  A shadow imp (D:5)
  An ooze (D:3)
  2 adder skeletons
  3 worms (D:2)
  2 dart slugs
  2 leopard geckos
  8 orcs
  A ball python (D:2)
  9 giant cockroaches
  A gnoll zombie (Ossuary)
  4 goblins
  9 hobgoblins
  9 kobolds
  A quokka (D:4)
  13 bats
  6 frilled lizards
  5 goblin zombies (Ossuary)
  2 hobgoblin zombies (Ossuary)
  2 kobold zombies (Ossuary)
  8 rats
118 creatures vanquished.

Notes
Turn   | Place    | Note
-------+----------+-------------------------------------------
     0 | D:1      | George the Barachian Fighter began the quest for the Orb.
     0 | D:1      | Reached XP level 1. HP: 18/18 MP: 1/1
   785 | D:1      | Reached XP level 2. HP: 22/25 MP: 2/2
  1062 | D:2      | Found a deep blue altar of Sif Muna.
  1110 | D:2      | Reached XP level 3. HP: 30/30 MP: 3/3
  1828 | D:2      | Reached XP level 4. HP: 24/37 MP: 4/4
  2106 | D:2      | Reached XP level 5. HP: 16/43 MP: 5/5
  2405 | D:3      | Noticed DEFE's ghost (amateur DEAK)
  2410 | D:3      | Noticed Ijyb
  2672 | D:2      | Killed Ijyb
  2981 | D:3      | Killed DEFE's ghost
  2981 | D:3      | Reached skill level 5 in Fighting
  2981 | D:3      | Reached skill level 5 in Armour
  2981 | D:3      | Reached XP level 6. HP: 36/51 MP: 6/6
  3208 | D:3      | Noticed Jessica
  3215 | D:3      | Killed Jessica
  3580 | D:3      | Noticed Natasha
  3590 | D:3      | Killed Natasha
  4394 | D:4      | Found a sand-covered staircase.
  4399 | Ossuary  | Entered an ossuary
  4399 | Ossuary  | Noticed a wraith
  4399 | Ossuary  | Noticed a wraith
  4399 | Ossuary  | Noticed a wraith
  4497 | Ossuary  | Reached XP level 7. HP: 30/56 MP: 7/7
  4840 | Ossuary  | Noticed a wraith
  4850 | Ossuary  | Killed a wraith
  4850 | Ossuary  | Reached skill level 5 in Long Blades
  5766 | D:5      | Entered Level 5 of the Dungeon
  5968 | D:5      | Found a staircase to the Ecumenical Temple.
  6081 | D:4      | Reached XP level 8. HP: 10/65 MP: 8/8
  6371 | D:4      | HP: 2/65 [wight/spear of freezing (2)]
  6390 | D:2      | Slain by a wight

Vault maps used:
D:1:      arrival_zaba_pyramid
D:2:      minmay_diamond_boxcup, lemuel_doored_altar
D:3:      grunt_ministairs_15, uniq_iyjb, uniq_jessica, uniq_natasha
D:4:      enter_ossuary_2
D:5:      grunt_qazlal_clouds, minmay_temple_entry_from_below_a, basic_altar,
          first_bread, minmay_misc_feat_x
Ossuary:  ossuary_kennysheep_city_of_the_dead

Skill      XL: |  1  2  3  4  5  6  7 |
---------------+----------------------+-----
Fighting       | 4 5 6 |  6.6
Long Blades    | 3 4 5 |  5.7
Armour         | 4 5 6 |  6.5
Shields        | |  3.0

Action                   |  1- 3 |  4- 6 |  7- 9 || total
-------------------------+-------+-------+-------++-------
Melee: Long sword        |   132 |   294 |   153 ||   579
       Scimitar          |       |       |     6 ||     6
 Abil: Hop               |       |     1 |     1 ||     2
Evoke: Wand              |       |       |     2 ||     2
  Use: Scroll            |       |    11 |     3 ||    14
 Stab: Paralysed         |       |       |     5 ||     5
  Eat: Chunk             |     4 |     9 |     2 ||    15
       Bread ration      |       |       |     1 ||     1
Armor: Scale mail        |    64 |   194 |    40 ||   298
Dodge: Dodged            |    41 |   133 |    35 ||   209
Block: Shield            |    66 |   171 |    69 ||   306
       Rpst.: Long sword |    12 |    48 |     8 ||    68
       Scimitar          |       |       |     1 ||     1
